 Dungeon Crawl Stone Soup version 0.27-a0-1200-g94dc6ad (webtiles) character file.

Game seed: 5930816728203540603

71 Meow the Sneak (level 4, 36/36 HPs)
             Began as a Naga Venom Mage on May 30, 2021.
             Quit the game on level 2 of the Dungeon.
             The game lasted 00:05:20 (1555 turns).

Meow the Sneak (Naga Venom Mage)                    Turns: 1555, Time: 00:05:20

Health: 36/36      AC:  2    Str: 10    XL:     4   Next: 24%
Magic:  8/8        EV:  9    Int: 17    God:
Gold:   115        SH:  0    Dex: 11    Spells: 2/9 levels left

rFire    . . .     SeeInvis +   a - +0 club
rCold    . . .     Faith    .   (no shield)
rNeg     . . .     Spirit   .   b - +0 robe
rPois    +         Reflect  .   (no helmet)
rElec    .         Harm     .   (no cloak)
rCorr    .         Rampage  .   (no gloves)
Will     .....                  (no barding)
Stlth    +++.......             (no amulet)
HPRegen  0.12/turn              (no ring)
MPRegen  0.11/turn              (no ring)

@: very slow
A: AC +1, large, see invisible, deformed body, poison resistance, slowness 2,
spit poison 1, naga tail 1
a: Spit Poison


You were on level 2 of the Dungeon.
You visited 1 branch of the dungeon, and saw 2 of its levels.

You collected 115 gold pieces.

Inventory:

Hand Weapons
 a - a +0 club (weapon)
Missiles
 c - 7 poisoned darts (quivered)
 f - 22 stones
Armour
 b - a +0 robe (worn)
Scrolls
 d - a scroll of summoning {unknown}
 g - a scroll of enchant armour {unknown}
Potions
 e - a potion of heal wounds {unknown}
 h - a potion of might {unknown}


   Skills:
 - Level 1.5 Dodging
 * Level 4.8 Stealth
 * Level 3.0 Spellcasting
 + Level 1.4 Conjurations
 - Level 1.0 Transmutations
 - Level 4.0 Poison Magic


You had 2 spell levels left.
You knew the following spells:

 Your Spells              Type           Power      Damage    Failure   Level
a - Sting                 Tmut/Pois      44%        1d5       6%          1
c - Mephitic Cloud        Conj/Pois/Air  8%         N/A       26%         3
C - Ignite Poison         Fire/Tmut/Pois 8%         N/A       26%         3

Your spell library contained the following spells:

 Spells                   Type           Power      Damage    Failure   Level
 Poisonous Vapours        Pois/Air       18%        N/A       12%         2
 Olgreb's Toxic Radiance  Pois           16%        N/A       32%         4


Dungeon Overview and Level Annotations

Branches:
Dungeon (2/15)

Altars:
Trog


Innate Abilities, Weirdness & Mutations

Your serpentine skin is tough. (AC +1)
You have supernaturally acute eyesight. (SInv)
Armour fits poorly on your strangely shaped body.
Your system is resistant to poisons. (rPois)
You cover ground very slowly.
You can spit poison.
You have a snake-like lower body.


Message History

Throw: 8 darts (poison)
Press: ? - help, Q - select action, (/) - cycle Shift-Dir - straight line, f/p - Robin
Aim: Robin, wielding a +0 whip, wearing a +0 animal skin and wearing a +0 helmet (almost dead, poisoned, 62% to hit)
You throw a poisoned dart.
The poisoned dart completely misses Robin.
The poisoned dart hits the hobgoblin.
The hobgoblin is poisoned.
The hobgoblin shouts!
You hear a shout!
You kill Robin!
Your Spellcasting skill increases to level 3!
You have reached level 4!
You feel clever.
Casting: Sting (safe; 6% risk of failure)
Confirm with . or Enter, or press ? or * to list all spells.
Aiming: Sting (safe; 6% risk of failure)
Press: ? - help, Shift-Dir - straight line, f - hobgoblin
Aim: a hobgoblin (strong, poisoned, 71% to hit)
The sting hits the hobgoblin but does no damage.
The hobgoblin looks even sicker.
You have got your breath back.
You see here a +0 club.
Casting: Sting (safe; 6% risk of failure)
Confirm with . or Enter, or press ? or * to list all spells.
Aiming: Sting (safe; 6% risk of failure)
Press: ? - help, Shift-Dir - straight line, f/p - hobgoblin
Aim: a hobgoblin (severely wounded, strong, very poisoned, 71% to hit)
The sting misses the hobgoblin.
You kill the hobgoblin!
Casting: Sting (safe; 6% risk of failure)
Confirm with . or Enter, or press ? or * to list all spells.
Aiming: Sting (safe; 6% risk of failure)
Press: ? - help, Shift-Dir - straight line, f - goblin
Aim: a goblin, wielding a +0 dagger (strong, 64% to hit)
The sting hits the goblin.
The goblin is poisoned.
You kill the goblin!
Unknown command.
You start resting.
Magic restored.
Okay, then.
Are you sure you want to abandon this character and quit the game? (Confirm with "yes".)

#.# ########## #.#
#.###### #......#
#......# #......#
####### #.######
#<....#
#.#########.....#
#.........'@†.).#
###########...).#####⌠
#......|...(
####...(.... #...(....
########.


There were no monsters in sight!

Vanquished Creatures
  Robin (D:2)
  An adder (D:2)
  2 dart slugs
  5 ball pythons
  2 bats
  3 endoplasms
  A giant cockroach (D:1)
  11 goblins
  9 hobgoblins
  2 frilled lizards (D:1)
  A rat (D:1)
38 creatures vanquished.

Notes
Turn   | Place    | Note
-------+----------+-------------------------------------------
     0 | D:1      | Meow the Naga Venom Mage began the quest for the Orb.
     0 | D:1      | Reached XP level 1. HP: 15/15 MP: 3/3
   215 | D:1      | Reached XP level 2. HP: 22/22 MP: 5/5
   723 | D:2      | Noticed Robin
   731 | D:1      | Reached XP level 3. HP: 12/28 MP: 4/6
   741 | D:1      | Reached skill level 1 in Conjurations
  1014 | D:2      | Found a bloodstained altar of Trog.
  1403 | D:2      | Learned a level 3 spell: Mephitic Cloud
  1407 | D:2      | Learned a level 3 spell: Ignite Poison
  1514 | D:2      | Killed Robin
  1515 | D:2      | Reached XP level 4. HP: 36/36 MP: 6/8
  1555 | D:2      | Quit the game

Illustrated notes

Levels and vault maps discovered:
D:1:      heliophobic_arrival_ceremonial_halls, layout_loops_cross,
          amcnicky_mini_corridor_feature
D:2:      layout_basic, hellmonk_ecumenical_altar_run_dry, basic_altar,
          uniq_robin

Skill      XL: |  1  2  3 |
---------------+----------+-----
Stealth        | 4 |  4.8
Conjurations   | 1 |  1.4
Spellcasting   | 3 |  3.0
Dodging        | |  1.5
Transmutations | |  1.0
Poison Magic   | |  4.0

Action                   |  1- 3 |  4- 6 || total
-------------------------+-------+-------++-------
Throw: Dart              |    21 |       ||    21
 Cast: Sting             |    23 |     3 ||    26
 Abil: Spit Poison       |    35 |       ||    35
Armor: Robe              |     1 |       ||     1
Dodge: Dodged            |    17 |       ||    17

Table legend: (Time is in decaauts)
 A = Elapsed time spent in this place.
 B = Non-inter-level travel time spent in this place.
 C = Inter-level travel time spent in this place.
 D = Time resting spent in this place.
 E = Time spent auto-exploring this place.
 F = Levels seen in this place.
 G = Mean time per level.
                   A        B        C        D        E       F      G
               +--------+--------+--------+--------+--------+-----+--------+
         Total |   1921 |   1837 |     84 |    480 |    997 |   2 |  960.5 |
       Dungeon |   1921 |   1837 |     84 |    480 |    997 |   2 |  960.5 |
               +--------+--------+--------+--------+--------+-----+--------+

Top non-repeatable levels by time:
     D:1: 1263 daAuts
     D:2: 657 daAuts
